 Dungeon Crawl Stone Soup version 0.22.0-25-g7663229 (webtiles) character file.

4652 shmeve the Blocker (level 10, -9/90 HPs)
             Began as a Minotaur Berserker on Aug 21, 2018.
             Was an Elder of Trog.
             Mangled by an orc warrior
             ... wielding a +0 halberd
              (13 damage)
             ... on level 8 of the Dungeon.
             The game lasted 00:16:27 (8014 turns).

shmeve the Blocker (Minotaur Berserker)             Turns: 8014, Time: 00:16:28

Health: -9/90      AC: 15    Str: 25    XL:     10   Next: 20%
Magic:  9/9        EV:  9    Int:  9    God:    Trog [****..]
Gold:   173        SH:  6    Dex: 10    Spells: 9/9 levels left

rFire    + . .     SeeInvis .   A - +0 war axe
rCold    . . .     Gourm    .   h - +0 buckler
rNeg     . . .     Faith    .   F - +0 plate armour (curse)
rPois    .         Spirit   .   (helmet restricted)
rElec    .         Reflect  .   b - +0 cloak
rCorr    .         Harm     .   g - +0 pair of gloves
MR       .....                  (no boots)
Stlth    ..........             (no amulet)
HPRegen  0.25/turn              e - ring of protection from fire
MPRegen  0.11/turn              C - +5 ring of intelligence

@: berserk cooldown, slowed, very slow
A: retaliatory headbutt, horns 2
a: Berserk, Trog's Hand, Brothers in Arms, Renounce Religion


You were on level 8 of the Dungeon.
You worshipped Trog.
Trog was greatly pleased with you.
You were very hungry.

You visited 1 branch of the dungeon, and saw 8 of its levels.

You collected 311 gold pieces.
You spent 138 gold pieces at shops.

Inventory:

Hand Weapons
 A - a +0 war axe (weapon)
Missiles
 u - 4 javelins (quivered)
 D - 3 poisoned javelins
Armour
 b - a +0 cloak (worn)
 g - a +0 pair of gloves (worn)
 h - a +0 buckler (worn)
 E - a +0 scale mail
 F - a cursed +0 plate armour (worn)
Jewellery
 e - a ring of protection from fire (left hand)
 m - an uncursed amulet of faith {unknown}
 C - a +5 ring of intelligence (right hand)
Scrolls
 f - 3 scrolls of remove curse
 i - 9 scrolls of identify
 j - 3 scrolls of enchant armour {unknown}
 l - a scroll of noise {unknown}
 o - 3 scrolls of teleportation
 p - a scroll of fear {unknown}
 q - 2 scrolls of fog {unknown}
 r - 3 scrolls of magic mapping
 s - a scroll of enchant weapon {unknown}
 y - 4 scrolls of blinking {unknown}
 K - a scroll of amnesia {unknown}
Potions
 a - 2 potions of brilliance {unknown}
 d - 4 potions of curing {unknown}
 k - 4 potions of degeneration {unknown}
 n - a potion of ambrosia {unknown}
 t - 2 potions of resistance {unknown}
 v - a potion of flight {unknown}
 w - 2 potions of heal wounds {unknown}
 x - 2 potions of berserk rage {unknown}
 z - 2 potions of might {unknown}
 B - 2 potions of mutation {unknown}
 G - a potion of lignification {unknown}
 H - a potion of agility {unknown}
 J - a potion of haste {unknown}
Comestibles
 c - 20 rations
 I - 2 chunks of flesh


   Skills:
 * Level 8.6 Fighting
 * Level 8.7 Axes
 * Level 6.3 Throwing
 + Level 5.9 Armour
 + Level 5.4 Dodging
 * Level 8.9 Shields


You had 9 spell levels left.
You didn't know any spells.
Your spell library was empty.

Dungeon Overview and Level Annotations

Branches:
Dungeon (8/15)             Temple (0/1) D:7
   Lair: D:8-11

Altars:
Elyvilon
Gozag
Hepliaklqana
Makhleb
Ru
Trog
Vehumet

Shops:
D:5 ?


Innate Abilities, Weirdness & Mutations

You reflexively headbutt those who attack you in melee.
You have a pair of horns on your head.


Message History

You hit the orc warrior but do no damage.
You headbutt the orc warrior, but do no damage.
The orc warrior is severely wounded.
The orc warrior hits you with a halberd.
The orc warrior hits you with a halberd!
* * * LOW HITPOINT WARNING * * *
You hit the orc warrior but do no damage.
You headbutt the orc warrior.
The orc warrior is almost dead.
You block the orc warrior's attack.
You hit the orc warrior.
You headbutt the orc warrior, but do no damage.
The orc warrior is almost dead.
The orc warrior hits you with a halberd!
* * * LOW HITPOINT WARNING * * *
You closely miss the orc warrior.
The orc warrior is almost dead.
The orc warrior barely misses you.
The orc warrior hits you with a halberd!
You die...

.##### #.......##### .#
###.....# .# ####..# .#
#..# .# #..# .# ########
#..### .# ##∩8.##.#
#....### .# #∩$$$$#.#
#(.#...#
.###########8..$@'.##
#(####.#
...........#∩$8_o'..# #(#
#.# .###########8$..$†..#
#.# #.# ..#### #.....#..#
#.# #.# .....# ##.8∩##..#
#.# #.# ..##.# #####.#.#
#># #.#
..##.############...#####.#
#.#
#.##.......>...#..........#
#.#
#..>..########.##.#########
#.#


You could see an orc warrior.

Vanquished Creatures
  The ghost of cranach the Archer, a novice CeHu of the Shining One (D:8)
  Grinder (D:3)
  2 hippogriffs (D:8)
  Eustachio (D:4)
  Menkaure (D:4)
  Duvessa (D:4)
  A water moccasin (D:7)
  2 orc warriors
  3 sky beasts
  5 ogres
  A phantom (D:5)
  A centaur (D:8)
  4 bullfrogs
  Blork the orc (D:4)
  Dowan (D:4)
  3 scorpions
  4 wights (D:7)
  A centaur zombie (D:3)
  4 crimson imps
  2 bullfrog zombies
  A centaur skeleton (D:6)
  Crazy Yiuf (D:2)
  A quasit (D:7)
  2 orc priests
  3 hounds
  4 jellies
  An iguana (D:6)
  Natasha (twice) (D:2)
  6 worker ants
  7 orc wizards
  2 hound skeletons
  Robin (D:2)
  7 adders
  5 shadow imps
  6 oozes
  An adder skeleton (D:7)
  4 worms
  2 dart slugs
  6 leopard geckos
  24 orcs
  6 ball pythons
  5 giant cockroaches
  11 goblins
  8 hobgoblins
  3 jackals (D:1)
  6 quokkas
  9 bats
  A frilled lizard (D:2)
  5 kobolds
  A leopard gecko zombie (D:5)
  A quokka skeleton (D:5)
  10 rats
192 creatures vanquished.

Notes
Turn   | Place    | Note
-------+----------+-------------------------------------------
     0 | D:1      | shmeve the Minotaur Berserker began the quest for the Orb.
     0 | D:1      | Reached XP level 1. HP: 19/19 MP: 0/0
   263 | D:1      | Reached skill level 1 in Shields
   264 | D:1      | Reached XP level 2. HP: 25/27 MP: 1/1
   637 | D:1      | Reached ** piety under Trog
   992 | D:2      | Reached XP level 3. HP: 27/33 MP: 2/2
  1045 | D:2      | Found a white marble altar of Elyvilon.
  1070 | D:2      | Noticed Natasha
  1073 | D:2      | Killed Natasha
  1080 | D:2      | Noticed Robin
  1082 | D:2      | Reached XP level 4. HP: 25/40 MP: 3/3
  1089 | D:2      | Killed Robin
  1458 | D:2      | Noticed Natasha
  1465 | D:2      | Killed Natasha
  1550 | D:2      | Reached XP level 5. HP: 36/46 MP: 4/4
  1668 | D:2      | Reached skill level 1 in Throwing
  1866 | D:2      | Found a runed door.
  2000 | D:2      | Noticed Crazy Yiuf
  2007 | D:2      | Killed Crazy Yiuf
  2370 | D:3      | Reached *** piety under Trog
  2498 | D:3      | Noticed Grinder
  2517 | D:3      | Killed Grinder
  2517 | D:3      | Reached skill level 5 in Shields
  2517 | D:3      | Reached XP level 6. HP: 47/53 MP: 5/5
  3146 | D:4      | Reached skill level 5 in Axes
  3213 | D:4      | Reached XP level 7. HP: 60/60 MP: 6/6
  3343 | D:4      | Noticed Duvessa
  3343 | D:4      | Noticed Dowan
  3345 | D:4      | Killed Dowan
  3345 | D:4      | Reached skill level 5 in Fighting
  3357 | D:4      | Killed Duvessa
  3714 | D:4      | Found a burning altar of Makhleb.
  3830 | D:4      | Noticed Menkaure
  3839 | D:4      | Killed Menkaure
  4135 | D:4      | Noticed Blork the orc
  4144 | D:4      | Killed Blork the orc
  4152 | D:4      | Noticed Eustachio
  4186 | D:4      | Killed Eustachio
  4186 | D:4      | Reached XP level 8. HP: 43/70 MP: 7/7
  4469 | D:5      | Entered Level 5 of the Dungeon
  4929 | D:5      | Found Qutish's Magic Scroll Shop.
  4948 | D:5      | Bought a scroll of magic mapping for 42 gold pieces
  4948 | D:5      | Bought a scroll of identify for 24 gold pieces
  4948 | D:5      | Bought a scroll of remove curse for 36 gold pieces
  4948 | D:5      | Bought a scroll of teleportation for 36 gold pieces
  5065 | D:5      | Reached **** piety under Trog
  5726 | D:6      | Reached XP level 9. HP: 78/78 MP: 8/8
  5787 | D:6      | Found a sacrificial altar of Ru.
  6235 | D:7      | Found a staircase to the Ecumenical Temple.
  6286 | D:7      | Reached skill level 5 in Throwing
  6290 | D:7      | Reached skill level 5 in Armour
  6638 | D:7      | Received a gift from Trog
  7012 | D:7      | Found a bloodstained altar of Trog.
  7012 | D:7      | Found a faded altar of an unknown god.
  7017 | D:7      | Found a hazy altar of Hepliaklqana.
  7019 | D:7      | Found a faded altar of an unknown god.
  7021 | D:7      | Found an opulent altar of Gozag.
  7390 | D:8      | Reached skill level 5 in Dodging
  7529 | D:8      | Found a runed gate.
  7529 | D:8      | Found a runed gate.
  7529 | D:8      | Found an opulent altar of Gozag.
  7529 | D:8      | Found a runed gate.
  7531 | D:8      | Noticed cranach's ghost (novice CeHu)
  7604 | D:8      | Reached ***** piety under Trog
  7800 | D:8      | Found a radiant altar of Vehumet.
  7998 | D:8      | Killed cranach's ghost
  7998 | D:8      | Reached XP level 10. HP: 81/90 MP: 9/9
  8013 | D:8      | HP: 4/90 [orc warrior/halberd (14)]
  8014 | D:8      | Mangled by an orc warrior

Skill      XL: |  1  2  3  4  5  6  7  8  9 |
---------------+----------------------------+-----
Shields        | 1 2 4 5 6 7 8 |  8.9
Axes           | 4 5 7 8 |  8.7
Fighting       | 4 5 6 8 |  8.6
Throwing       | 2 3 4 6 |  6.3
Armour         | 3 4 5 |  5.9
Dodging        | 3 4 5 |  5.4

Action                   |  1- 3 |  4- 6 |  7- 9 | 10-12 || total
-------------------------+-------+-------+-------+-------++-------
Melee: Hand axe          |    74 |   131 |   164 |       ||   369
       Headbutt          |    13 |    25 |    68 |     4 ||   110
       War axe           |       |       |   176 |    14 ||   190
Throw: Javelin           |       |       |     6 |       ||     6
Invok: Berserk           |       |     1 |     4 |       ||     5
       Trog's Hand       |       |     1 |     1 |       ||     2
 Stab: Sleeping          |     1 |       |       |       ||     1
       Distracted        |       |       |     1 |       ||     1
  Eat: Chunk             |     1 |     8 |    15 |       ||    24
       Ration            |       |       |     1 |       ||     1
Armor: Animal skin       |    20 |    23 |    45 |       ||    88
       Plate armour      |       |       |    49 |     5 ||    54
       Scale mail        |       |       |    11 |       ||    11
Dodge: Dodged            |    61 |    82 |   156 |     4 ||   303
Block: Buckler           |       |    25 |    81 |     3 ||   109
